 Dungeon Crawl Stone Soup version 0.20.0 (webtiles) character file.

119 Somefellow the Chopper (level 4, -2/41 HPs)
             Began as a Minotaur Berserker on June 21, 2017.
             Was a Believer of Trog.
             Killed from afar by Sigmund (6 damage)
             ... with a puff of flame
             ... on level 2 of the Dungeon.
             The game lasted 00:03:44 (1599 turns).

Somefellow the Chopper (Minotaur Berserker)         Turns: 1599, Time: 00:03:44

Health: -2/41      AC:  2    Str: 22    XL:     4   Next: 73%
Magic:  3/3        EV: 13    Int:  4    God:    Trog [**....]
Gold:   64         SH:  0    Dex: 10    Spells: 3/3 levels left

rFire    . . .     SeeInvis .   a - +0 hand axe
rCold    . . .     Gourm    .   (no shield)
rNeg     . . .     Faith    .   b - +0 animal skin
rPois    .         Spirit   .   (helmet restricted)
rElec    .         Reflect  .   (no cloak)
rCorr    .         Harm     .   (no gloves)
MR       .....                  (no boots)
Stlth    +.........             (no amulet)
Regen    0.2/turn               (no ring)
MPRegen  0.1/turn               (no ring)

@: berserk cooldown, slowed, very slow
A: retaliatory headbutt, horns 2
a: Berserk, Trog's Hand, Burn Spellbooks, Renounce Religion


You were on level 2 of the Dungeon.
You worshipped Trog.
Trog was pleased with you.
You were not hungry.

You visited 1 branch of the dungeon, and saw 2 of its levels.

You collected 64 gold pieces.

Inventory:

Hand Weapons
 a - a +0 hand axe (weapon)
Armour
 b - a +0 animal skin (worn)
 l - a cursed +0 cloak
   (You found it on level 1 of the Dungeon)
Wands
 n - a wand of scattershot (6/9)
   (You found it on level 2 of the Dungeon)
Scrolls
 d - 4 scrolls of remove curse {unknown}
 e - 2 scrolls of identify {unknown}
 f - a scroll of fear {unknown}
 g - a scroll of enchant armour {unknown}
 j - 3 scrolls of fog {unknown}
 m - a scroll of teleportation {unknown}
 o - a scroll of immolation {unknown}
Potions
 c - a potion of mutation {unknown}
 h - a potion of ambrosia {unknown}
Comestibles
 i - a royal jelly
 k - 2 meat rations
 q - 2 bread rations
 r - 2 fruits


   Skills:
 + Level 4.4 Fighting
 + Level 4.7 Axes
 + Level 3.5 Armour
 + Level 3.2 Dodging


You had 3 spell levels left.
You didn't know any spells.

Dungeon Overview and Level Annotations

Branches:
Dungeon (2/15)

Altars:

Annotations:
D:2 Sigmund


Innate Abilities, Weirdness & Mutations

You reflexively headbutt those who attack you in melee.
You have a pair of horns on your head.


Message History

You hit the worm. The worm closely misses you. You furiously retaliate!
You headbutt the worm!
You kill the worm!
Trog accepts your kill.
No target in view!
No target in view!
No target in view!
Calm down first, please.
You feel a strong urge to attack something.
You feel your anger subside.
You are no longer berserk.
You are exhausted.
You feel yourself slow down.
Eating one of 2 chunks of flesh.
You eat one of the 2 chunks of flesh.
You are feeling hungry.
Eating a chunk of flesh.
You eat the chunk of flesh.
Sigmund the Dreaded comes into view.
He is wielding a scythe.
You see here a worm corpse.
Sigmund is nearby!
You feel the effects of Trog's Hand fading.
Sigmund barely misses you.
You closely miss Sigmund. Sigmund misses you. You furiously retaliate!
You headbutt Sigmund. You closely miss Sigmund.
Your skin stops crawling.
You feel less resistant to hostile enchantments.
Sigmund misses you. You furiously retaliate!
You headbutt Sigmund! Sigmund barely misses you. You furiously retaliate!
You headbutt Sigmund. You barely miss Sigmund. Sigmund closely misses you.
You hit Sigmund but do no damage. You headbutt Sigmund.
Sigmund barely misses you.
You hit Sigmund. Your headbutt misses Sigmund. Sigmund casts a spell at you.
The puff of flame hits you!
You hit Sigmund but do no damage. Sigmund casts a spell at you.
The puff of flame hits you!
You barely miss Sigmund.
Sigmund mumbles some strange words.
Sigmund flickers and vanishes!
Deactivating autopickup; reactivate with Ctrl-A.
Something hits you!
You hit something but do no damage. Your headbutt misses something.
Something hits you.
You miss something. Your headbutt misses something. Something hits you!
* * * LOW HITPOINT WARNING * * *
You hit something.
You hear some strange, mumbled words.
A puff of flame appears from out of thin air!
The puff of flame hits you!
You die...

#.... #.... #.... #....
....# #....####.#.#
#+### ##[.....#.#.#
#..(. #...{...#.#.#
#.... #.>..@..#.#.# #
#.... #.#.....#.#.#.#
#....
#.....#.#.#.#.##....
#.#...††'.....#.......
.........#.#.#.####....
####....†#.#.#.#..#.#..
#.....+.#.#.##.#.#.#
##....###.#.........
#....# #.#..###.#.#


There were no monsters in sight!

Vanquished Creatures
  Natasha (D:2)
  Robin (D:2)
  A gnoll (D:1)
  2 adders (D:2)
  3 worms (D:2)
  A dart slug (D:1)
  3 giant cockroaches
  13 goblins
  4 hobgoblins
  6 kobolds
  A quokka (D:1)
  4 bats
  3 frilled lizards (D:1)
  5 rats
48 creatures vanquished.

Notes
Turn   | Place    | Note
-------+----------+-------------------------------------------
     0 | D:1      | Somefellow the Minotaur Berserker began the quest for the Orb.
     0 | D:1      | Reached XP level 1. HP: 19/19 MP: 0/0
   191 | D:1      | Reached XP level 2. HP: 10/27 MP: 1/1
   753 | D:1      | Reached XP level 3. HP: 33/33 MP: 2/2
  1030 | D:2      | Noticed Natasha
  1037 | D:2      | Killed Natasha
  1078 | D:2      | Noticed Robin
  1086 | D:2      | Reached XP level 4. HP: 16/40 MP: 3/3
  1092 | D:2      | Reached ** piety under Trog
  1095 | D:2      | Killed Robin
  1096 | D:2      | HP: 1/41 [goblin/dagger[Robin] (3)]
  1587 | D:2      | Noticed Sigmund
  1599 | D:2      | Killed from afar by Sigmund

Skill      XL: |  1  2  3  4 |
---------------+-------------+-----
Fighting       | 4 |  4.4
Axes           | 4 |  4.7
Armour         | 3 |  3.5
Dodging        | 3 |  3.2

Action                   |  1- 3 |  4- 6 || total
-------------------------+-------+-------++-------
Melee: Hand axe          |    58 |    45 ||   103
       Headbutt          |     8 |     8 ||    16
Invok: Berserk           |     1 |     1 ||     2
       Trog's Hand       |       |     2 ||     2
 Stab: Sleeping          |     2 |       ||     2
  Eat: Chunk             |     1 |     4 ||     5
Armor: Animal skin       |     8 |     5 ||    13
Dodge: Dodged            |    29 |    33 ||    62
